 Dungeon Crawl Stone Soup version 0.26-a0-215-g1b87330c0f (webtiles) character file.

Game seed: 14795950892844699709

(classic levelgen) 3241843 EnegeticOcto the Hoplite (level 27, 151/151 HPs)
             Began as a Halfling Abyssal Knight on July 6, 2020.
             Was a High Priest of Lugonu.
             Escaped with the Orb
             ... and 5 runes!
             The game lasted 02:52:20 (69557 turns).

EnegeticOcto the Hoplite (Halfling Abyssal Knight) Turns: 69557, Time: 02:52:20

Health: 151/151    AC: 42    Str: 27    XL:     27
Magic:  37/37      EV: 23    Int: 23    God:    Lugonu [*****.]
Gold:   1583       SH: 23    Dex: 18    Spells: 13/39 levels left

rFire    . . .     SeeInvis +   a - +9 hand axe (distort)
rCold    + . .     Faith    .   H - +5 kite shield
rNeg     + + .     Spirit   .   D - +6 ice dragon scales
rPois    +         Reflect  .   P - +2 helmet of Ymibiho {rPois rF+ MR- SInv}
rElec    +         Harm     .   A - +2 cloak {rCorr}
rCorr    +                      n - +4 pair of gloves "Qokaph" {Int+6}
MR       +++..                  Q - +0 pair of boots of Deigo {rC- rN++ Int+4}
Stlth    ..........             X - amulet of regeneration
HPRegen  0.75/turn              r - ring of the Mage {Wiz MR++ Int+3}
MPRegen  0.25/turn              G - ring "Weceworo" {rElec AC+4 Str+5, =R}

@: no status effects
A: small, mutation resistance 1, sturdy frame 1
0: Orb of Zot
}: 5/15 runes: decaying, serpentine, slimy, silver, demonic
a: Depart the Abyss, Bend Space, Banish, Corrupt, Enter the Abyss, Renounce
Religion


You escaped.
You worshipped Lugonu.
Lugonu was extremely pleased with you.
You were not hungry.

You visited 10 branches of the dungeon, and saw 54 of its levels.
You visited Pandemonium 1 time, and saw 9 of its levels.
You visited the Abyss 1 time.
You visited 1 ziggurat, and saw 7 of its levels.
You also visited: Ice Cave, Volcano and Wizlab.

You collected 7502 gold pieces.
You spent 5919 gold pieces at shops.

Inventory:

Hand Weapons
 a - a +9 hand axe of distortion (weapon)
Missiles
 k - a throwing net (quivered) {!f}
 v - 41 boomerangs
 J - 11 curare-tipped darts
Armour
 n - the +4 pair of gloves "Qokaph" (worn) {Int+6}
   (You found it on level 5 of the Pits of Slime)

   It affects your intelligence (+6).
 p - the +3 pair of gauntlets of War {Slay+5}
   (You found it on level 2 of the Realm of Zot)

   It affects your accuracy and damage with ranged weapons and melee attacks
   (+5).
 s - a scarf of resistance
 A - a +2 cloak of preservation (worn)
 D - +6 ice dragon scales (worn)
 H - a +5 kite shield (worn)
 P - the +2 helmet of Ymibiho (worn) {rPois rF+ MR- SInv}
   (You found it on level 5 of the Vaults)

   It protects you from fire.
   It protects you from poison.
   It affects your resistance to hostile enchantments.
   It lets you see invisible.
 Q - the +0 pair of boots of Deigo (worn) {rC- rN++ Int+4}
   (You found it on level 4 of the Vaults)

   It affects your intelligence (+4).
   It makes you vulnerable to cold.
   It greatly protects you from negative energy.
Jewellery
 b - an uncursed ring of protection from cold
 f - the ring "Tehoetaa" {rF+++ MR+ MP-9 Int-4 Slay+6}
   (You found it on level 7 of a ziggurat)

   [ring of intelligence]

   It affects your intelligence (-4).
   It affects your accuracy and damage with ranged weapons and melee attacks
   (+6).
   It renders you almost immune to fire.
   It affects your resistance to hostile enchantments.
   It affects your magic capacity (-9).
 h - an uncursed ring of teleportation
 r - the ring of the Mage (left hand) {Wiz MR++ Int+3}
   (You found it on level 3 of the Elven Halls)

   [ring of wizardry]

   It improves your spell success rate.
   It affects your intelligence (+3).
   It affects your resistance to hostile enchantments.
 C - the ring "Nuicow Biuce" {rPois rF+ MR+++ Slay+2 SInv}
   (You found it on level 3 of the Elven Halls)

   [ring of see invisible]

   It affects your accuracy and damage with ranged weapons and melee attacks
   (+2).
   It protects you from fire.
   It protects you from poison.
   It affects your resistance to hostile enchantments.
   It lets you see invisible.
 G - the ring "Weceworo" (right hand) {rElec AC+4 Str+5, =R}
   (You found it on level 5 of the Pits of Slime)

   [ring of protection]

   It affects your AC (+4).
   It affects your strength (+5).
   It insulates you from electricity.
 T - the ring of Firamege {+Inv rF+ Int+5 Slay-6}
   (You found it on level 3 of the Elven Halls)

   [ring of protection from fire]

   It affects your intelligence (+5).
   It affects your accuracy and damage with ranged weapons and melee attacks
   (-6).
   It protects you from fire.
   It lets you turn invisible.
 X - an amulet of regeneration (around neck)
Wands
 i - a wand of paralysis (54)
 q - a wand of acid (17) {@v1}
 w - a wand of digging (17) {@v3}
 y - a wand of clouds (5)
 E - a wand of iceblast (45) {@v2}
Scrolls
 g - 4 scrolls of vulnerability
 j - 22 scrolls of teleportation {@r3 !r}
 t - 5 scrolls of blinking {@r4}
 B - 10 scrolls of magic mapping {@r5 !r}
 F - 17 scrolls of identify {@r1}
 S - 7 scrolls of immolation
 U - 11 scrolls of fear {!r}
 Y - 4 scrolls of fog {!r}
Potions
 c - 2 potions of heal wounds {@q2 !q}
 d - 6 potions of cancellation
 l - 4 potions of invisibility
 m - 9 potions of might {@q3 !q}
 o - 3 potions of magic
 u - 9 potions of curing {@q1 !q}
 z - 3 potions of flight
 I - 5 potions of stabbing {@q5 !q}
 L - 10 potions of mutation
 M - 9 potions of lignification {@q6}
 R - a potion of resistance
 Z - 8 potions of ambrosia
Miscellaneous
 N - a phantom mirror
 O - 5 boxes of beasts
 V - a tin of tremorstones (3/3)
 W - a phial of floods
Comestibles
 e - 37 rations


   Skills:
 - Level 20.0 Fighting
 - Level 14.0 Axes
 - Level 19.0 Armour
 - Level 12.0 Dodging
 - Level 21.0 Shields
 + Level 6.6 Spellcasting
 - Level 9.4 Summonings
 + Level 20.7 Necromancy
 - Level 12.0 Translocations
 - Level 20.1 Invocations
 - Level 10.0 Evocations


You had 13 spell levels left.
You knew the following spells:

 Your Spells              Type           Power        Failure   Level
a - Apportation           Tloc           ######       1%          1
b - Lesser Beckoning      Tloc           ######....   1%          3
c - Passage of Golubria   Tloc           N/A          1%          4
d - Animate Skeleton      Necr           N/A          0%          1
e - Aura of Abjuration    Summ           ######....   2%          5
f - Borgnjor's Revivific  Necr           #######...   6%          8
g - Sublimation of Blood  Necr           #######...   0%          2
Y - Blink                 Tloc           N/A          1%          2

Your spell library contained the following spells:

 Spells                   Type           Power        Failure   Level
 Vampiric Draining        Necr           #######...   0%          3
 Animate Dead             Necr           N/A          0%          4
 Dispel Undead            Necr           #######.     0%          4
 Summon Small Mammal      Summ           ####         1%          1
 Call Imp                 Summ           ######..     1%          2
 Corpse Rot               Necr/Air       N/A          1%          2
 Shroud of Golubria       Chrm/Tloc      #####.       1%          2
 Call Canine Familiar     Summ           ######..     1%          3
 Gell's Gravitas          Tloc           ######....   1%          3
 Portal Projectile        Hex/Tloc       #####.       1%          3
 Recall                   Summ/Tloc      N/A          1%          3
 Summon Guardian Golem    Hex/Summ       ####....     1%          3
 Teleport Other           Tloc           ######..     1%          3
 Agony                    Necr           #######.     1%          5
 Borgnjor's Vile Clutch   Necr/Erth      ######....   1%          5
 Excruciating Wounds      Chrm/Necr      ######....   1%          5
 Summon Forest            Summ/Tloc      ######....   1%          5
 Summon Demon             Summ           ######....   2%          5
 Beastly Appendage        Tmut           #.....       4%          1
 Corona                   Hex            #......      4%          1
 Freeze                   Ice            #...         4%          1
 Infusion                 Chrm           #...         4%          1
 Magic Dart               Conj           #...         4%          1
 Shock                    Conj/Air       #...         4%          1
 Sting                    Tmut/Pois      #...         4%          1
 Iskenderun's Mystic Bla  Conj/Tloc      #####...     4%          4
 Infestation              Necr           #######...   6%          8
 Summon Ice Beast         Ice/Summ       ####....     7%          4
 Summon Lightning Spire   Summ/Air       ####....     7%          4
 Passwall                 Tmut/Erth      #.......     8%          2
 Poisonous Vapours        Pois/Air       #.....       8%          2
 Searing Ray              Conj           #.....       8%          2
 Slow                     Hex            #.......     8%          2
 Song of Slaying          Chrm           #.......     8%          2
 Sticks to Snakes         Tmut           #.......     8%          2
 Swiftness                Chrm/Air       #.......     8%          2
 Haunt                    Necr/Summ      ######....   9%          7
 Simulacrum               Ice/Necr       ######....   11%         6
 Confusing Touch          Hex            #.......     14%         3
 Conjure Flame            Conj/Fire      #.......     14%         3
 Dazzling Flash           Conj/Hex       #.....       14%         3
 Frozen Ramparts          Ice            #.....       14%         3
 Ignite Poison            Fire/Tmut/Pois #.......     14%         3
 Inner Flame              Hex/Fire       #.......     14%         3
 Mephitic Cloud           Conj/Pois/Air  #.......     14%         3
 Ozocubu's Armour         Chrm/Ice       #.......     14%         3
 Spectral Weapon          Hex/Chrm       #.......     14%         3
 Spider Form              Tmut/Pois      #.........   14%         3
 Static Discharge         Conj/Air       #.......     14%         3
 Shadow Creatures         Summ           N/A          16%         6
 Summon Mana Viper        Hex/Summ       ####....     19%         5
 Airstrike                Air            #.........   41%         4
 Cause Fear               Hex            #.........   41%         4
 Fulminant Prism          Conj/Hex       #.........   41%         4
 Hailstorm                Conj/Ice       #.......     41%         4
 Ice Form                 Ice/Tmut       #.......     41%         4
 Leda's Liquefaction      Hex/Erth       #.........   41%         4
 Olgreb's Toxic Radiance  Pois           #.......     41%         4
 Petrify                  Tmut/Erth      #.......     41%         4
 Blade Hands              Tmut           #.........   75%         5
 Bolt of Magma            Conj/Fire/Erth #.........   75%         5
 Lee's Rapid Deconstruct  Erth           #.........   75%         5
 Lightning Bolt           Conj/Air       #.........   75%         5
 Metabolic Englaciation   Hex/Ice        #.........   75%         5
 Silence                  Hex/Air        #.........   75%         5
 Yara's Violent Unravell  Hex/Tmut       #.........   75%         5
 Death's Door             Chrm/Necr      ######....   98%         8
 Necromutation            Tmut/Necr      ######....   98%         8
 Conjure Ball Lightning   Conj/Air       #.........   99%         6
 Darkness                 Hex            #.........   99%         6
 Freezing Cloud           Conj/Ice/Air   #.........   99%         6
 Invisibility             Hex            #.......     99%         6
 Iron Shot                Conj/Erth      #.........   99%         6
 Ozocubu's Refrigeration  Ice            #.........   99%         6
 Statue Form              Tmut/Erth      #........    99%         6
 Ring of Flames           Chrm/Fire      #.........   100%        7
 Chain Lightning          Conj/Air       #.........   100%        8
 Discord                  Hex            #.........   100%        8
 Ignition                 Fire           #.........   100%        8
 Lehudib's Crystal Spear  Conj/Erth      #.........   100%        8
 Absolute Zero            Ice            #.........   100%        9
 Fire Storm               Conj/Fire      #.........   100%        9
 Shatter                  Erth           #.........   100%        9
 Tornado                  Air            #.........   100%        9


Dungeon Overview and Level Annotations

Branches:
Dungeon (15/15)            Temple (0/1) D:5            Lair (6/6) D:9
  Swamp (4/4) Lair:4        Snake (4/4) Lair:4        Slime (5/5) Lair:5
    Orc (2/2) D:9             Elf (3/3) Orc:2        Vaults (5/5) D:13
  Crypt (0/3) Vaults:3     Depths (5/5) D:15            Zot (5/5) Depths:5
  IceCv (visited)         Volcano (visited)          WizLab (visited)

Altars:
Cheibriados
Dithmenos
Elyvilon
Fedhas
Gozag
Kikubaaqudgha
Makhleb
Sif Muna
Uskayaw
Vehumet
Yredelemnul
Jiyva

Shops:
D:7 *   D:13 =   D:15 }   Orc:2 :=?   Snake:2 :   Vaults:4 ![

Portals:
Hell: Depths:1 Depths:2 Depths:3 Depths:4 Depths:5
Abyss: Depths:4
Pandemonium: Depths:2 Depths:3

Annotations:
Lair:3 2 transporters, iamserjio's ghost, novice DEIE
Swamp:4 corrupted
Elf:2 5 runed translucent doors
Elf:3 corrupted
Depths:4 3 transporters, exclusion: orange crystal statue, Ighog's ghost, legendary FoAK
Depths:5 1 runed translucent door
Zot:5 corrupted, 1 exclusion
Abyss:1 Aizul; Asterion; Frederick; Ijyb; Kirke; Lafuixat's ghost, legendary MfGl; Margery; Maurice; Sojobo; Vashnia


Innate Abilities, Weirdness & Mutations

You are small and have problems with some larger weapons.
You are somewhat resistant to further mutation.
Your movements are slightly less encumbered by armour. (ER -2)


Message History

13 arrows; a +0 shortbow
Things that are here:
12 arrows; a +0 shortbow You see here an arrow.
There is a stone staircase leading up here.
You climb upwards.
There is a stone staircase leading down here.
There is an open door here.
There is an open door here.
You see here a +0 mace.
There is an open door here.
There is a stone staircase leading up here.
You climb upwards.
There is a stone staircase leading down here.
There is an open door here.
There is an open door here.
You open the door.
There is an open door here.
There is a stone staircase leading up here.
You climb upwards.
There is a stone staircase leading down here.
An orange demon, an ice devil and a pandemonium lord come into view.
Press: ? - help, v - describe, . - travel
Here: Pilu The floor.
The orange demon screeches!
The orange demon stings you but does no damage.
You block the orange demon's attack. You block Pilu's attack.
You block the orange demon's attack.
Pilu blinks!
Pilu enters a dispersal trap!
The ice devil blinks!
The orange demon blinks!
Evoke which item? (* to show all) (? for menu, Esc to quit)
Aiming: Dig
Press: ? - help, Shift-Dir - straight line A rock wall.
This square is covered in magical glow.
The rock shatters into small pieces.
Pilu blinks!
Pilu gestures.
You hear a mighty clap of thunder!
The lightning arc hits you but does no damage.
You resist.
The lightning arc hits Pilu!
The lightning arc hits you but does no damage.
The lightning arc grounds out.
There is a stone staircase leading up here.
You completely miss Pilu.
Pilu is lightly wounded.
Pilu hits you but does no damage.
You hit Pilu but do no damage.
Pilu is devoured by a tear in reality.
Lugonu claims a new guest.
You hit the orange demon but do no damage.
Space warps horribly around the orange demon!
The orange demon is moderately wounded.
An orange demon comes into view.
The orange demon screeches!
You block the orange demon's attack. x2
You climb upwards.
There is a stone staircase leading down here.
You barely miss the orange demon.
The orange demon is moderately wounded.
The orange demon closely misses you. You block the orange demon's attack.
You slice the orange demon!!
Space bends around the orange demon.
The orange demon is almost dead.
You block the orange demon's attack. x2
You slash the orange demon!
You kill the orange demon!
Lugonu accepts your kill.
(D) Dungeon (T) Temple (L) Lair (S) Swamp (P) Snake Pit (M) Slime Pits (O) Orcish Mines (E) Elven Halls (V) Vaults (C) Crypt (U) Depths (H) Hell (Z) Zot
Where to? (Enter - D:1 @ (x,y), ? - help)
There is a stone staircase leading up here.
You climb upwards.
There is a stone staircase leading down here.
There is a stone staircase leading up here.
You climb upwards.
There is a stone staircase leading down here.
There is a stone staircase leading up here.
You climb upwards.
There is a stone staircase leading down here.
There is a stone staircase leading up here.
You climb upwards.
There is a stone staircase leading down here.
You see here a leather armour.
There is a stone staircase leading up here.
You climb upwards.
There is a stone staircase leading down here.
An Orb Guardian comes into view.
There is a stone staircase leading up here.
You climb upwards.
There is a stone staircase leading down here.
(D) Dungeon (T) Temple (L) Lair (S) Swamp (P) Snake Pit (M) Slime Pits (O) Orcish Mines (E) Elven Halls (V) Vaults (C) Crypt (U) Depths (H) Hell (Z) Zot
Where to? (Enter - D:1 @ (x,y), ? - help)
You see here a stone.
There is a staircase leading out of the dungeon here.
You have escaped!

# #####.##.##.# #.....# #
###.........#.###.###.######## #
........##.#...#####.........# #
.#####..##.....#####...#####.# #
.# #..##...>.##......# #.# # .#
#..#####.###......#####.# .# #.##
#.###.........##.# .#####.#
#.##.8...#.##.##.# .......#
##'##@............# .##.####
##...#.8.....##.#..# .....#
##....##....#.......# .##..#
##.....##....##.#.#.##
.....####......##....#....#.#####
#.......'......#####............(
.....####......### #.#...##.#####
##..## ##.......# #........# ##.
....# ##.....## #####.#### #..


There were no monsters in sight!

Vanquished Creatures
  2 ancient liches (Zot:4)
  3 orbs of fire
  6 golden dragons
  A Tzitzimitl (Pan)
  2 electric golems
  3 liches
  8 tentacled monstrosities
  Jorgrun (Snake:3)
  An Ice Fiend (Pan)
  A moon troll (WizLab)
  7 Orb Guardians
  2 titans (Vaults:5)
  A tentacled starspawn (WizLab)
  2 quicksilver dragons
  2 death cobs
  4 shadow dragons
  Agnes (D:14)
  3 acid blobs
  An ancient champion (Vaults:3)
  8 storm dragons
  2 azure jellies
  4 tengu reavers
  A daeva (Pan)
  A deep elf sorcerer (Vaults:5)
  11 vault wardens
  3 fire giants
  2 nagarajas
  A draconian stormcaller (Zot:3)
  A curse skull (Zig:5)
  A cacodemon (Pan)
  2 draconian shifters (Zot:3)
  A ghost moth (Zot:3)
  An iron dragon (Depths:3)
  3 angels (Pan)
  A frost giant (Depths:1)
  A deep elf elementalist (Vaults:5)
  2 balrugs (Pan)
  Louise (Elf:1)
  9 ironheart preservers
  2 spriggan defenders (Vaults:1)
  A draconian annihilator (Zot:3)
  9 very ugly things
  2 ophanim (Pan)
  10 stone giants
  An entropy weaver (Vaults:4)
  2 apis (Pan)
  A war gargoyle (Depths:3)
  A reaper (Pan)
  2 vampire knights
  4 green draconians
  6 deep elf demonologists
  4 black draconians
  4 spark wasps
  6 red draconians
  A lorocyproca (Pan)
  2 deep elf annihilators
  2 white draconians (Zot:3)
  3 yellow draconians
  2 purple draconians
  An eidolon (Zig:5)
  2 blizzard demons
  2 deep elf death magi
  A crystal guardian (WizLab)
  6 fire dragons
  A jiangshi (Zig:5)
  4 death oozes (Slime:5)
  4 ettins
  16 ogre magi
  9 great orbs of eyes
  10 yaktaur captains
  2 ice dragons
  5 deep elf high priests
  8 naga warriors
  A hydra (D:13)
  A spriggan air mage (Depths:3)
  4 rakshasas
  19 vault guards
  A monstrous demonspawn (Pan)
  8 centaur warriors
  A catoblepas (Lair:3)
  4 anacondas
  A death knight (Vaults:5)
  3 death yaks (D:9)
  A deep troll shaman (Depths:4)
  14 tengu warriors
  7 alligators
  2 vampire magi (Depths:1)
  6 deep troll earth magi
  10 dancing weapons
  36 two-headed ogres
  A satyr (shapeshifter) (Vaults:5)
  5 spriggan berserkers
  A shock serpent (Snake:3)
  An orc high priest (Zig:4)
  8 deep elf knights
  14 hell knights
  4 sun demons
  5 soul eaters
  12 naga sharpshooters
  8 skeletal warriors
  An orange crystal statue (WizLab)
  10 unseen horrors
  3 sixfirhies (Pan)
  2 shadow wraiths
  2 cherubim (Pan)
  2 salamander mystics (Snake:4)
  An unseen horror (shapeshifter) (Vaults:3)
  2 naga ritualists (Snake:4)
  20 deep trolls
  7 glowing orange brains
  22 deep elf archers
  A gelid demonspawn (Pan)
  A flayed ghost (Depths:1)
  A lindwurm (Snake:4)
  9 necromancers
  3 phantasmal warriors
  11 ironbrand convokers
  A shining eye (shapeshifter) (Depths:4)
  50 deep elf magi
  4 orc knights
  An orb spider (Zig:1)
  15 harpies
  24 ugly things
  4 mana vipers
  3 wolf spiders
  10 moths of wrath
  5 cyclopes
  An orc sorcerer (Orc:2)
  5 shining eyes
  8 salamanders
  25 black mambas
  A black mamba (shapeshifter) (Depths:1)
  A centaur zombie (D:13)
  3 guardian serpents
  6 rust devils
  2 molten gargoyles (Volcano)
  10 naga magi
  An ice statue (Depths:3)
  4 orange demons
  6 eyes of devastation (WizLab)
  A water nymph (Zig:3)
  23 cane toads
  6 centaur skeletons
  A hellion (Zot:5)
  A gargoyle (D:13)
  A smoke demon (Depths:3)
  7 freezing wraiths
  8 vault sentinels
  3 rime drakes (Lair:2)
  4 spectral swamp worms (Depths:4)
  41 yaktaurs
  5 komodo dragons
  2 efreet (Depths:3)
  A demonic crawler (Pan)
  3 trolls
  A hellwing (Pan)
  3 meliai (D:14)
  5 tengu conjurers
  A merfolk (Zig:3)
  4 red devils
  A jumping spider (Vaults:4)
  A merfolk (shapeshifter) (Vaults:5)
  A polar bear (Lair:4)
  A troll (shapeshifter) (D:15)
  A jumping spider (shapeshifter) (D:15)
  A hornet (shapeshifter) (D:15)
  7 hornets
  2 raiju (shapeshifter)
  A blink frog (shapeshifter) (Vaults:4)
  18 blink frogs
  A meliai zombie (D:14)
  3 hippogriffs
  2 large abominations (Pan)
  5 bog bodies
  4 dream sheep (Lair:5)
  A human simulacrum (Vaults:5)
  40 slime creatures
  A fire giant simulacrum (Vaults:3)
  An air elemental (Elf:1)
  2 flying skulls (Depths:3)
  6 water elementals
  A vampire (D:13)
  5 ynoxinuls (Pan)
  11 redbacks
  2 spriggans
  7 shadows
  12 wyverns
  49 yaks
  A tarantella (Zig:1)
  5 wraiths
  A yak (shapeshifter) (Depths:2)
  A fire elemental (Elf:3)
  2 fire bats (Volcano)
  A chaos spawn (Pan)
  A golden eye (shapeshifter) (Vaults:4)
  A hog (shapeshifter) (Vaults:1)
  A yaktaur simulacrum (Vaults:5)
  A human (shapeshifter) (Vaults:1)
  A basilisk (shapeshifter) (Vaults:1)
  3 hogs (Swamp:2)
  2 basilisks
  A neqoxec (Depths:3)
  A steam dragon (shapeshifter) (Vaults:5)
  A steam dragon (D:10)
  5 vampire mosquitoes
  3 golden eyes (Slime:3)
  11 swamp worms
  4 wargs
  An acid dragon (D:14)
  2 insubstantial wisps (Swamp:3)
  A warg (shapeshifter) (D:14)
  2 swamp worms (shapeshifter)
  An acid dragon (shapeshifter) (D:15)
  31 nagas
  20 water moccasins
  6 porcupines
  2 floating eyes (shapeshifter)
  4 hell hounds
  5 swamp drakes
  9 ice beasts
  A sky beast (D:12)
  24 orc warriors
  A black bear (shapeshifter) (Depths:2)
  2 eyes of draining
  3 black bears
  3 ettin simulacra (Depths:3)
  A phantom (D:9)
  38 ogres
  23 centaurs
  7 wolves
  11 boggarts
  15 crocodiles
  13 bullfrogs
  2 big kobolds (D:10)
  2 gnoll sergeants
  An earth elemental (Elf:3)
  A wyvern zombie (D:14)
  A wyvern skeleton (D:10)
  A scorpion (shapeshifter) (Vaults:3)
  5 scorpions
  6 killer bees
  A wight (D:13)
  An electric eel (Lair:4)
  4 lava snakes (Volcano)
  2 quasits
  9 starcursed masses (WizLab)
  10 hounds
  An iron imp (Depths:5)
  31 orc priests
  A wyvern simulacrum (D:14)
  4 jellies
  23 orc wizards
  A bullfrog skeleton (D:11)
  3 iguanas
  6 worker ants
  6 hell rats (Lair:6)
  3 hound skeletons
  A worker ant zombie (D:10)
  12 gnolls
  5 adders
  A white imp (D:5)
  3 ufetubi
  An adder skeleton (D:5)
  2 worms
  2 dart slugs
  9 leopard geckos
  67 orcs
  13 bats
  4 giant cockroaches
  18 goblins
  8 hobgoblins
  9 jackals
  6 quokkas
  2 ball pythons
  4 frilled lizards
  A giant cockroach zombie (D:6)
  A jackal skeleton (D:4)
  20 kobolds
  A leopard gecko zombie (D:8)
  A quokka skeleton (D:4)
  A quokka zombie (D:6)
  10 rats
  2 fungi
  4 plants
  5 starspawn tentacles (WizLab)
1628 creatures vanquished.

Vanquished Creatures (collateral kills)
  the Royal Jelly (Slime:5)
  2 acid blobs (Slime:5)
  A great orb of eyes (Slime:5)
  3 death oozes (Slime:5)
  A shining eye (Slime:5)
8 creatures vanquished.

Vanquished Creatures (others)
  The ghost of Qeybu the Slayer, a legendary OgSu of Fedhas (Zot:2)
  An orb of fire (Zot:5)
  The ghost of Bouryr the Conqueror, a master MiFi of Okawaru (Zot:3)
  An ancient lich (Zot:4)
  A Killer Klown (Zot:5)
  3 golden dragons
  2 bone dragons
  An electric golem (Zot:2)
  A Brimstone Fiend (Pan)
  A lich (Vaults:5)
  12 Orb Guardians (Zot:5)
  2 pandemonium lords
  8 tentacled monstrosities
  A Hell Sentinel (Pan)
  2 deep elf blademasters (Elf:3)
  7 acid blobs
  2 deep elf master archers (Elf:3)
  An Executioner (Pan)
  3 death cobs
  2 quicksilver dragons
  5 tentacled starspawn (WizLab)
  14 storm dragons
  2 thorn hunters
  A draconian monk (Depths:5)
  2 nagarajas
  4 tengu reavers
  4 azure jellies
  4 shadow dragons
  2 daevas (Pan)
  A fire giant (shapeshifter) (Depths:3)
  2 frost giants
  A draconian knight (Zot:1)
  5 vault wardens
  A cacodemon (WizLab)
  A balrug (Depths:3)
  4 deep elf sorcerers
  A draconian scorcher (Zot:4)
  An orc warlord (Zig:4)
  6 deep elf elementalists
  4 angels (Pan)
  2 warmongers (Pan)
  4 draconian annihilators
  A draconian shifter (Depths:1)
  6 ironheart preservers
  2 war gargoyles (Vaults:5)
  10 very ugly things
  A reaper (Pan)
  9 stone giants
  An apis (Pan)
  2 purple draconians (Zot:1)
  2 blood saints (Pan)
  A vampire knight (Depths:5)
  4 deep elf demonologists
  2 entropy weavers
  4 ophanim (Pan)
  3 green draconians
  5 deep elf annihilators (Elf:3)
  6 yellow draconians
  A lorocyproca (Pan)
  2 spark wasps
  2 black draconians
  6 red draconians
  A white draconian (Depths:5)
  6 deep elf death magi
  A blizzard demon (Pan)
  7 ettins
  A death ooze (Slime:5)
  A green death (Pan)
  A crystal guardian (Vaults:2)
  4 fire dragons
  5 great orbs of eyes
  5 deep elf high priests
  10 naga warriors
  9 vault guards
  3 ogre magi
  8 yaktaur captains
  2 shambling mangroves
  8 ice dragons
  18 hydras
  4 ghost crabs
  A monstrous demonspawn (Pan)
  A spriggan air mage (Depths:5)
  6 alligators
  5 anacondas
  2 centaur warriors
  3 deep troll shamans
  17 two-headed ogres
  3 tengu warriors (Depths:3)
  6 deep troll earth magi
  3 orc high priests (Orc:2)
  6 shock serpents
  6 naga sharpshooters
  A soul eater (Depths:3)
  A spriggan berserker (Depths:3)
  4 hell knights
  4 deep elf knights
  4 sun demons
  A sixfirhy (Pan)
  A wretched star (WizLab)
  2 quicksilver dragon simulacra (Depths:3)
  11 skeletal warriors
  An iron troll (Depths:4)
  A spriggan druid (Swamp:4)
  A flayed ghost (Vaults:4)
  3 cherubim (Pan)
  A glowing orange brain (shapeshifter) (Vaults:5)
  13 deep trolls
  5 glowing orange brains
  A torturous demonspawn (Pan)
  3 naga ritualists
  7 ironbrand convokers
  6 swamp dragons
  A wizard (Vaults:1)
  2 harpies
  A necromancer (Depths:2)
  3 phantasmal warriors
  A lindwurm (Snake:4)
  16 deep elf magi
  A wolf spider zombie (D:15)
  4 orc knights
  A wolf spider (Vaults:1)
  4 deep elf archers
  2 orc sorcerers
  4 mana vipers
  4 salamanders
  A salamander (shapeshifter) (Depths:4)
  20 ugly things
  A cyclops (Orc:1)
  A shining eye (shapeshifter) (D:15)
  12 moths of wrath
  A faun (shapeshifter) (Depths:2)
  4 rust devils
  6 black mambas
  8 naga magi
  2 guardian serpents (shapeshifter)
  2 cane toads
  A water nymph (Zig:3)
  A guardian serpent (Zig:7)
  5 vault sentinels
  A cane toad (shapeshifter) (D:15)
  A spectral swamp worm (Depths:4)
  2 smoke demons (Pan)
  3 hellions
  A freezing wraith (Vaults:3)
  An eye of devastation (WizLab)
  12 yaktaurs
  A hellwing (Zot:5)
  A kobold demonologist (D:14)
  An ice devil (Depths:3)
  2 tengu conjurers
  2 trolls
  A tengu simulacrum (Vaults:5)
  A wind drake (Zig:3)
  4 tyrant leeches
  21 slime creatures
  4 hornets
  7 bog bodies
  A hippogriff (shapeshifter) (Vaults:2)
  3 starcursed masses (WizLab)
  A wyvern (shapeshifter) (Depths:2)
  A ynoxinul (Pan)
  2 water elementals
  A yak (D:9)
  A shadow (Swamp:2)
  A yak (shapeshifter) (Vaults:2)
  A hog (Swamp:2)
  A basilisk (shapeshifter) (Vaults:4)
  A vampire mosquito (Swamp:2)
  3 neqoxecs
  2 golden eyes (Slime:3)
  14 nagas
  3 insubstantial wisps (Swamp:3)
  6 swamp worms
  An acid dragon (Vaults:1)
  2 hell hounds (Depths:3)
  A water moccasin (D:5)
  A porcupine (D:9)
  A floating eye (shapeshifter) (Vaults:5)
  7 swamp drakes (Swamp:4)
  A large abomination (Pan)
  2 ettin simulacra (Depths:3)
  2 orc warriors
  An eye of draining (Slime:4)
  5 ogres
  3 centaurs
  A crocodile (D:14)
  An earth elemental (Elf:1)
  A hound (shapeshifter) (Vaults:5)
  A hell rat (D:9)
  3 orcs
  A demonic plant (WizLab)
  9 fungi
  21 plants
  38 starspawn tentacles
738 creatures vanquished.

Grand Total: 2374 creatures vanquished

Notes
Turn   | Place    | Note
-------+----------+-------------------------------------------
     0 | Abyss:1  | EnegeticOcto the Halfling Abyssal Knight began the quest
                  | for the Orb.
     0 | Abyss:1  | Reached XP level 1. HP: 15/15 MP: 2/2
    48 | Abyss:1  | Noticed a large abomination
    53 | Abyss:1  | Noticed a flying skull
    54 | D:1      | Escaped the Abyss
   284 | D:1      | Reached * piety under Lugonu
   284 | D:1      | Reached XP level 2. HP: 17/20 MP: 3/3
   376 | D:1      | Reached skill level 3 in Axes
   527 | D:1      | Reached XP level 3. HP: 16/25 MP: 4/4
  1562 | D:2      | Reached skill level 4 in Axes
  1562 | D:2      | Reached XP level 4. HP: 24/30 MP: 5/5
  1823 | D:2      | Found an opulent altar of Gozag.
  1876 | D:2      | Reached ** piety under Lugonu
  2091 | D:2      | Found a blossoming altar of Fedhas.
  2398 | D:3      | Reached XP level 5. HP: 33/35 MP: 6/6
  2670 | D:3      | Found an ancient bone altar of Kikubaaqudgha.
  2683 | D:3      | Found a shimmering blue altar of Sif Muna.
  2685 | D:3      | Found a radiant altar of Vehumet.
  2689 | D:3      | Identified Sif Muna's Incunabulum of Beguiling
  2981 | D:4      | Reached skill level 3 in Fighting
  3252 | D:4      | Reached *** piety under Lugonu
  3252 | D:4      | Reached skill level 3 in Invocations
  3619 | D:4      | Reached XP level 6. HP: 42/42 MP: 8/8
  3722 | D:4      | Found a shadowy altar of Dithmenos.
  4321 | D:5      | Entered Level 5 of the Dungeon
  4343 | D:5      | Noticed Ijyb
  4554 | D:5      | Reached skill level 4 in Fighting
  4554 | D:5      | Reached skill level 4 in Invocations
  4558 | D:5      | Banished Ijyb
  4606 | D:5      | Found a staircase to the Ecumenical Temple.
  4651 | D:5      | Noticed a water moccasin
  4652 | D:5      | Banished a water moccasin
  4652 | D:5      | Reached XP level 7. HP: 49/49 MP: 10/10
  4713 | D:5      | Reached skill level 5 in Invocations
  4724 | D:5      | Reached skill level 5 in Fighting
  4801 | D:5      | Reached XP level 8. HP: 55/55 MP: 12/12
  5042 | D:5      | Found a shimmering blue altar of Sif Muna.
  5255 | D:6      | Found a hide-covered altar of Uskayaw.
  5429 | D:6      | Reached skill level 6 in Invocations
  5541 | D:6      | Found a white marble altar of Elyvilon.
  6661 | D:7      | Reached skill level 6 in Fighting
  7029 | D:7      | Reached skill level 7 in Invocations
  7067 | D:7      | Learned a level 1 spell: Apportation
  7334 | D:7      | Found Sitauxaw's Assorted Antiques.
  7337 | D:7      | Bought a scroll labeled NANASU OH DUO for 19 gold pieces
  7337 | D:7      | Bought an embroidered cloak for 142 gold pieces
  7348 | D:7      | Bought a blue potion for 17 gold pieces
  7428 | D:7      | Found a snail-covered altar of Cheibriados.
  7706 | D:8      | Noticed a spriggan baker
  7722 | D:8      | Killed a spriggan baker
  7722 | D:8      | Reached XP level 9. HP: 58/63 MP: 14/14
  8191 | D:8      | Reached **** piety under Lugonu
  8283 | D:8      | Noticed Maurice
  8285 | D:8      | Banished Maurice
  8285 | D:8      | Reached skill level 7 in Fighting
  8285 | D:8      | Reached skill level 8 in Invocations
  8690 | D:9      | Reached skill level 5 in Axes
  8703 | D:9      | Reached skill level 1 in Shields
  8740 | D:9      | Reached skill level 6 in Axes
  8740 | D:9      | Reached skill level 2 in Shields
  8740 | D:9      | Reached skill level 9 in Invocations
  8900 | D:9      | Found a basalt altar of Yredelemnul.
  8902 | D:9      | Found a staircase to the Orcish Mines.
  9015 | D:9      | Reached XP level 10. HP: 28/72 MP: 16/16
  9300 | D:9      | Reached skill level 8 in Fighting
  9320 | D:9      | Reached skill level 3 in Shields
  9333 | D:9      | Reached skill level 7 in Axes
  9799 | D:9      | Noticed a death yak
  9800 | D:9      | Noticed a death yak
  9802 | D:9      | Noticed a death yak
  9808 | D:9      | Found a staircase to the Lair.
 10051 | D:10     | Entered Level 10 of the Dungeon
 10141 | D:10     | Reached skill level 4 in Shields
 10399 | D:10     | Identified the +3 leather armour of Dyj Kieq {MR+ Regen+
                  | Int-3 Dex+4} (You found it on level 10 of the Dungeon)
 10511 | D:10     | Noticed a red ugly thing
 10512 | D:10     | Banished a red ugly thing
 10512 | D:10     | Reached skill level 8 in Axes
 10736 | D:10     | Reached skill level 10 in Invocations
 10885 | D:10     | Reached skill level 5 in Shields
 11110 | D:11     | Noticed Sonja
 11112 | D:11     | Noticed Sonja
 11112 | D:11     | Sonja changed into Sonja the unseen horror
 11133 | D:11     | Killed Sonja the unseen horror
 11133 | D:11     | Reached skill level 9 in Axes
 11133 | D:11     | Reached XP level 11. HP: 77/77 MP: 18/18
 11366 | D:11     | Noticed a two-headed ogre
 11383 | D:11     | Killed a two-headed ogre
 11383 | D:11     | Reached skill level 10 in Axes
 11761 | D:11     | Noticed an unseen horror
 11769 | D:11     | Killed an unseen horror
 11769 | D:11     | Reached skill level 11 in Axes
 11889 | D:11     | Noticed a brown ugly thing
 11890 | D:11     | Banished a brown ugly thing
 12080 | D:12     | Noticed an unseen horror
 12091 | D:12     | Killed an unseen horror
 12125 | D:12     | Noticed a cyan ugly thing
 12153 | D:12     | Banished a cyan ugly thing
 12153 | D:12     | Reached skill level 12 in Axes
 12306 | D:12     | Noticed a brown ugly thing
 12308 | D:12     | Banished a brown ugly thing
 12396 | D:12     | Noticed a brown ugly thing
 12397 | D:12     | Banished a brown ugly thing
 12397 | D:12     | Reached XP level 12. HP: 82/82 MP: 19/19
 13042 | Orc:1    | Entered Level 1 of the Orcish Mines
 13175 | D:9      | Reached skill level 13 in Axes
 14445 | Orc:2    | Entered Level 2 of the Orcish Mines
 14472 | Orc:2    | Found a staircase to the Elven Halls.
 14495 | Orc:2    | Found a dark tunnel.
 14522 | Volcano  | Entered a volcano
 14636 | Volcano  | Reached skill level 14 in Axes
 14683 | Volcano  | Found a bloodstained altar of Trog.
 14683 | Volcano  | Noticed a sun demon
 14694 | Volcano  | Banished a sun demon
 14694 | Volcano  | Reached skill level 1 in Evocations
 14721 | Volcano  | Reached skill level 1 in Translocations
 14796 | Volcano  | Reached skill level 2 in Dodging
 14970 | Volcano  | Reached skill level 2 in Evocations
 15375 | Orc:2    | Reached skill level 3 in Armour
 15510 | Orc:2    | Noticed an orc high priest
 15516 | Orc:2    | Banished an orc high priest
 15516 | Orc:2    | Reached skill level 2 in Translocations
 15527 | Orc:2    | Reached skill level 3 in Evocations
 15829 | Orc:2    | Noticed an orc high priest
 15865 | Orc:2    | Banished an orc high priest
 15865 | Orc:2    | Reached skill level 3 in Dodging
 15865 | Orc:2    | Reached XP level 13. HP: 77/89 MP: 15/20
 16194 | Orc:2    | Reached skill level 3 in Translocations
 16194 | Orc:2    | Reached skill level 4 in Evocations
 16236 | Orc:2    | Found Zyzian's Book Shop.
 16236 | Orc:2    | Found Biuh's Magic Scroll Boutique.
 16237 | Orc:2    | Found Biruosch's Antique Armour Boutique.
 16240 | Orc:2    | Found Aleuchux's Jewellery Shop.
 16248 | Orc:2    | Bought a scroll of teleportation for 39 gold pieces
 16248 | Orc:2    | Bought a scroll of blinking for 97 gold pieces
 16248 | Orc:2    | Bought a scroll of summoning for 123 gold pieces
 16248 | Orc:2    | Bought a scroll of teleportation for 39 gold pieces
 16248 | Orc:2    | Bought a scroll of immolation for 45 gold pieces
 16248 | Orc:2    | Bought a scroll of teleportation for 39 gold pieces
 16597 | Orc:2    | Bought an uncursed ring of protection from magic for 375
                  | gold pieces
 16720 | D:9      | Reached skill level 4 in Armour
 17130 | Lair:1   | Entered Level 1 of the Lair of Beasts
 17186 | Lair:1   | Reached skill level 4 in Dodging
 17218 | Lair:1   | Reached skill level 5 in Evocations
 17254 | Lair:1   | Reached skill level 4 in Translocations
 17768 | Lair:1   | Reached skill level 5 in Armour
 18190 | Lair:1   | Gained mutation: You are somewhat resistant to both further
                  | mutation and mutation removal. [potion of mutation]
 18336 | Lair:1   | Lost mutation: You are somewhat resistant to both further
                  | mutation and mutation removal. [potion of mutation]
 18336 | Lair:1   | Gained mutation: Your muscles are strong. (Str +2) [potion
                  | of mutation]
 18336 | Lair:1   | Gained mutation: You have a somewhat thin skeletal
                  | structure. (Dex +2, Stealth) [potion of mutation]
 18596 | Lair:2   | Found a frozen archway.
 18643 | IceCv    | Entered an ice cave
 18661 | IceCv    | Reached skill level 9 in Fighting
 18682 | IceCv    | Reached skill level 11 in Invocations
 19004 | Lair:2   | Reached skill level 5 in Dodging
 19118 | Lair:2   | Noticed an eight-headed hydra
 19139 | Lair:2   | Banished an 11-headed hydra
 19139 | Lair:2   | Reached skill level 5 in Translocations
 19273 | Lair:2   | Noticed an eight-headed hydra
 19274 | Lair:2   | Banished an eight-headed hydra
 20073 | Lair:3   | Reached XP level 14. HP: 80/97 MP: 22/22
 20131 | Lair:3   | Reached skill level 6 in Armour
 20216 | Lair:3   | Found a transporter.
 20220 | Lair:3   | Noticed iamserjio's ghost (novice DEIE)
 20227 | Lair:3   | Found a transporter.
 20578 | Lair:3   | Reached skill level 6 in Dodging
 20797 | Lair:3   | Reached skill level 6 in Translocations
 21090 | Lair:4   | Found a staircase to the Snake Pit.
 21220 | Lair:4   | Identified the +3 leather armour of Wu Jian's Approval
                  | {Harm rN++ Dex-4} (You found it on level 4 of the Lair of
                  | Beasts)
 21565 | Lair:4   | Found a staircase to the Swamp.
 22061 | Lair:5   | Reached ***** piety under Lugonu
 22063 | Lair:5   | Reached skill level 7 in Armour
 22451 | Lair:5   | Found a staircase to the Slime Pits.
 22452 | Lair:5   | Found a viscous altar of Jiyva.
 22775 | Lair:6   | Entered Level 6 of the Lair of Beasts
 22879 | Lair:6   | Reached skill level 7 in Dodging
 22919 | Lair:6   | Reached skill level 12 in Invocations
 22924 | Lair:6   | Reached skill level 10 in Fighting
 22929 | Lair:6   | Reached skill level 7 in Translocations
 23336 | Lair:6   | Reached skill level 8 in Armour
 23632 | Lair:6   | Reached skill level 8 in Dodging
 23686 | Lair:6   | Reached skill level 8 in Translocations
 23953 | Lair:6   | Reached XP level 15. HP: 94/103 MP: 24/24
 25372 | D:13     | Noticed an ironheart preserver
 25396 | D:13     | Killed an ironheart preserver
 25496 | D:13     | Found a gate to the Vaults.
 25505 | D:13     | Reached skill level 13 in Invocations
 25545 | D:13     | Noticed Nessos
 25546 | D:13     | Noticed Nessos
 25546 | D:13     | Nessos changed into Nessos the wind drake
 25549 | D:13     | Noticed Nessos
 25549 | D:13     | Nessos the wind drake changed into Nessos the redback
 25554 | D:13     | Killed Nessos the redback
 25704 | D:13     | Found Oteix's Jewellery Boutique.
 26001 | D:14     | Reached skill level 11 in Fighting
 26071 | D:14     | Reached ****** piety under Lugonu
 26072 | D:14     | Identified a +5 hand axe of distortion (a +3 hand axe of
                  | protection corrupted by Lugonu)
 26072 | D:14     | Received a gift from Lugonu
 26674 | D:14     | Found a white marble altar of Elyvilon.
 26834 | D:14     | You fall into a shaft and drop 1 floor!
 26834 | D:15     | Entered Level 15 of the Dungeon
 26834 | D:15     | Found Fuic's Gadget Boutique.
 26837 | D:15     | Bought a tin of tremorstones (3/3) for 520 gold pieces
 26837 | D:15     | Bought a wand of digging (6) for 260 gold pieces
 26885 | D:15     | Reached skill level 14 in Invocations
 26987 | D:14     | Noticed Agnes
 27007 | D:14     | Killed Agnes
 27563 | D:15     | Reached skill level 12 in Fighting
 27742 | D:15     | Reached XP level 16. HP: 114/114 MP: 26/26
 27919 | D:15     | Found a staircase to the Depths.
 28326 | Swamp:1  | Entered Level 1 of the Swamp
 28477 | Swamp:1  | Lost mutation: Your muscles are strong. (Str +2) [potion of
                  | mutation]
 28477 | Swamp:1  | Lost mutation: You have a somewhat thin skeletal structure.
                  | (Dex +2, Stealth) [potion of mutation]
 28478 | Swamp:1  | Gained mutation: Your spells are a little easier to cast,
                  | but a little less powerful. [potion of mutation]
 29160 | Swamp:2  | Noticed a thorn hunter
 29199 | Swamp:2  | Banished a thorn hunter
 29240 | Swamp:2  | Reached skill level 15 in Invocations
 29467 | Swamp:2  | Noticed Kirke
 29472 | Swamp:2  | Noticed a sphinx
 29488 | Swamp:2  | Banished Kirke
 29492 | Swamp:2  | Reached skill level 13 in Fighting
 29648 | Swamp:2  | You fall into a shaft and drop 1 floor!
 30932 | Swamp:4  | Entered Level 4 of the Swamp
 31000 | Swamp:4  | Corrupted Swamp:4
 31000 | Swamp:4  | Noticed a tentacled starspawn
 31000 | Swamp:4  | Noticed a bone dragon
 31000 | Swamp:4  | Noticed a tentacled starspawn
 31001 | Swamp:4  | Noticed a tentacled starspawn
 31006 | Swamp:4  | Got a decaying rune of Zot
 31061 | Swamp:4  | Killed a thorn hunter
 31636 | Snake:1  | Entered Level 1 of the Snake Pit
 31679 | Snake:1  | Reached skill level 16 in Invocations
 31759 | Snake:1  | Reached XP level 17. HP: 61/124 MP: 25/29
 32488 | Snake:1  | You fall into a shaft and drop 1 floor!
 32609 | Snake:2  | Found Helin's Book Shop.
 32805 | Snake:2  | Noticed Aizul
 32818 | Snake:2  | Banished Aizul
 32828 | Snake:2  | Reached skill level 14 in Fighting
 33028 | Snake:2  | Reached skill level 9 in Dodging
 34097 | Snake:3  | Noticed Vashnia
 34114 | Snake:3  | Reached skill level 10 in Dodging
 34123 | Snake:3  | Noticed Jorgrun
 34133 | Snake:3  | Reached skill level 17 in Invocations
 34143 | Snake:3  | Killed Jorgrun
 34162 | Snake:3  | Banished Vashnia
 34223 | Snake:3  | Reached skill level 11 in Dodging
 34431 | Snake:3  | Identified the +6 flail "Ycwiu" {drain, Str+4}
 34500 | Snake:3  | Reached XP level 18. HP: 108/131 MP: 30/30
 35098 | Snake:4  | Entered Level 4 of the Snake Pit
 35471 | Snake:4  | Reached skill level 12 in Dodging
 35558 | Snake:4  | Reached skill level 18 in Invocations
 35560 | Snake:4  | Reached skill level 6 in Shields
 36139 | Snake:4  | Reached skill level 7 in Shields
 36692 | Snake:4  | Reached skill level 8 in Shields
 37230 | Snake:4  | Got a serpentine rune of Zot
 37389 | Slime:1  | Entered Level 1 of the Pits of Slime
 37408 | Slime:1  | Noticed an acid blob
 37420 | Slime:1  | Banished an acid blob
 37491 | Slime:1  | Lost mutation: Your spells are a little easier to cast, but
                  | a little less powerful. [a shining eye]
 37630 | Slime:4  | Reached skill level 9 in Shields
 37685 | Slime:4  | Gained mutation: Your body sometimes deteriorates upon
                  | taking damage. [a shining eye]
 37804 | Slime:4  | Gained mutation: Your spells are a little easier to cast,
                  | but a little less powerful. [a shining eye]
 37864 | Slime:5  | Entered Level 5 of the Pits of Slime
 37864 | Slime:5  | Noticed an acid blob
 37869 | Slime:5  | Gained mutation: You do not regenerate when monsters are
                  | visible. [a shining eye]
 37872 | Slime:5  | Banished an acid blob
 37872 | Slime:5  | Reached XP level 19. HP: 94/136 MP: 25/32
 38283 | Slime:5  | Noticed the Royal Jelly
 38301 | Slime:5  | Killed the Royal Jelly
 38301 | Slime:5  | Reached skill level 9 in Armour
 38301 | Slime:5  | Reached skill level 19 in Invocations
 39145 | Slime:5  | Identified the +4 pair of gloves "Qokaph" {Int+6} (You
                  | found it on level 5 of the Pits of Slime)
 39166 | Slime:5  | Got a slimy rune of Zot
 39168 | Slime:5  | Got a shimmering copper ring
 39174 | Slime:5  | Identified the +6 chain mail of the Weaver {Regen+} (You
                  | found it on level 5 of the Pits of Slime)
 39199 | Slime:5  | Identified the +1 chain mail of the Desert {rN+ Str+3} (You
                  | found it on level 5 of the Pits of Slime)
 39246 | Slime:5  | Identified the ring "Weceworo" {rElec AC+4 Str+5} (You
                  | found it on level 5 of the Pits of Slime)
 39252 | Slime:5  | Identified the +7 hand crossbow "Afurienk" {flame, rElec
                  | rN+ MR- Int+2} (You found it on level 5 of the Pits of
                  | Slime)
 39315 | Slime:5  | Identified the cursed +1 morningstar of Fortitude {flame,
                  | *Contam *Noise rN+ Str+8} (You found it on level 5 of the
                  | Pits of Slime)
 39581 | Elf:1    | Entered Level 1 of the Elven Halls
 39688 | Elf:1    | Reached skill level 10 in Shields
 40029 | Elf:1    | Learned a level 1 spell: Animate Skeleton
 40175 | Elf:1    | Noticed Louise
 40245 | Elf:1    | Killed Louise
 40550 | Elf:1    | Reached skill level 10 in Armour
 40684 | Elf:1    | Lost mutation: Your body sometimes deteriorates upon taking
                  | damage. [potion of mutation]
 40684 | Elf:1    | Lost mutation: You do not regenerate when monsters are
                  | visible. [potion of mutation]
 40684 | Elf:1    | Lost mutation: Your spells are a little easier to cast, but
                  | a little less powerful. [potion of mutation]
 40684 | Elf:1    | Gained mutation: You are resistant to hostile enchantments.
                  | (MR+) [potion of mutation]
 40684 | Elf:1    | Gained mutation: You have large cloven feet. [potion of
                  | mutation]
 40693 | Elf:1    | Identified the Collected Works on Conjuration and Summoning
 41211 | Elf:2    | Found a huge runed translucent gate.
 41211 | Elf:2    | Found a huge runed translucent gate.
 41211 | Elf:2    | Found a huge runed translucent gate.
 41211 | Elf:2    | Found a huge runed translucent gate.
 41211 | Elf:2    | Found a huge runed translucent gate.
 41405 | Elf:3    | Entered Level 3 of the Elven Halls
 41484 | Elf:3    | Found a magical portal.
 41499 | WizLab   | Entered Lehudib's Moon Base
 41549 | WizLab   | Reached XP level 20. HP: 144/144 MP: 33/33
 41557 | WizLab   | Found a transporter.
 41561 | WizLab   | Reached skill level 11 in Shields
 41669 | WizLab   | Reached skill level 15 in Fighting
 41855 | WizLab   | Reached skill level 11 in Armour
 42150 | WizLab   | Got a brightly glowing bone amulet
 42151 | WizLab   | Identified the amulet "Etizasuj" {Reflect rF+ SH+5} (You
                  | found it in a wizard's laboratory)
 42499 | WizLab   | Reached skill level 20 in Invocations
 42542 | WizLab   | Found a transporter.
 42548 | WizLab   | Reached skill level 12 in Shields
 42633 | WizLab   | Paralysed by accursed screaming for 1 turns
 42672 | WizLab   | Identified the cursed +0 long sword of Amorality {freeze,
                  | rF++ Stlth-} (You found it in a wizard's laboratory)
 42730 | Elf:3    | Found a radiant altar of Vehumet.
 43635 | Elf:3    | Reached skill level 12 in Armour
 43642 | Elf:3    | Corrupted Elf:3
 43645 | Elf:3    | Reached XP level 21. HP: 74/152 MP: 28/35
 43850 | Elf:3    | Identified the ring of Past Mistakes {rElec rF++ Dex+6}
                  | (You found it on level 3 of the Elven Halls)
 43915 | Elf:3    | Got a steaming iron ring
 43928 | Elf:3    | Identified the ring "Nuicow Biuce" {rPois rF+ MR+++ Slay+2
                  | SInv} (You found it on level 3 of the Elven Halls)
 43931 | Elf:3    | Got a faintly glowing copper ring
 43953 | Elf:3    | Found the ring of the Mage {Wiz MR++ Int+3}
 44221 | Vaults:1 | Entered Level 1 of the Vaults
 44485 | Vaults:1 | Reached skill level 6 in Evocations
 44600 | Vaults:1 | Noticed Asterion
 44600 | Vaults:1 | Noticed Frederick
 44614 | Vaults:1 | Banished Asterion
 44621 | Vaults:1 | Banished Frederick
 44621 | Vaults:1 | Reached skill level 13 in Shields
 44800 | Vaults:1 | Reached skill level 7 in Evocations
 45404 | Vaults:1 | Reached skill level 16 in Fighting
 45864 | Vaults:2 | Identified the ring of Firamege {+Inv rF+ Int+5 Slay-6}
                  | (You found it on level 3 of the Elven Halls)
 45984 | Vaults:2 | Reached skill level 8 in Evocations
 46296 | Vaults:2 | Reached skill level 14 in Shields
 46439 | Vaults:2 | Reached XP level 22. HP: 161/161 MP: 36/36
 46457 | Vaults:2 | Reached skill level 9 in Evocations
 47243 | Vaults:3 | Identified the +0 helmet of Plog {rPois Int+4} (You found
                  | it on level 3 of the Vaults)
 47609 | Vaults:3 | Reached skill level 10 in Evocations
 47770 | Vaults:3 | Reached skill level 15 in Shields
 47778 | Vaults:3 | Reached skill level 17 in Fighting
 47955 | Vaults:3 | Found a staircase to the Crypt.
 47995 | Vaults:3 | You fall into a shaft and drop 1 floor!
 48866 | Vaults:4 | Found Deojurur's Antique Armour Emporium.
 48957 | Vaults:4 | Identified the cursed +2 hunting sling of Annihilation
                  | {vorpal, rElec rF- Str+4 Int+4}
 48969 | Vaults:4 | Reached skill level 16 in Shields
 48972 | Vaults:4 | Reached XP level 23. HP: 169/169 MP: 37/37
 49057 | Vaults:4 | Found Uxtewno's Distillery.
 49071 | Vaults:4 | Bought a potion of curing for 42 gold pieces
 49071 | Vaults:4 | Bought a potion of heal wounds for 70 gold pieces
 49071 | Vaults:4 | Bought a potion of invisibility for 112 gold pieces
 49071 | Vaults:4 | Bought a potion of ambrosia for 112 gold pieces
 49071 | Vaults:4 | Bought a potion of curing for 42 gold pieces
 49071 | Vaults:4 | Bought 2 potions of curing for 84 gold pieces
 49581 | Vaults:4 | Reached skill level 18 in Fighting
 49634 | Vaults:4 | Identified the cursed +0 pair of boots of Deigo {rC- rN++
                  | Int+4} (You found it on level 4 of the Vaults)
 50113 | Vaults:4 | Reached skill level 17 in Shields
 50315 | Vaults:5 | Entered Level 5 of the Vaults
 50462 | Vaults:5 | Noticed a golden dragon
 50476 | Vaults:5 | Banished a golden dragon
 50706 | Vaults:5 | Reached XP level 24. HP: 135/180 MP: 37/37
 50720 | Vaults:5 | Reached skill level 18 in Shields
 50883 | Vaults:5 | Identified the +1 leather armour of Green Music {rPois rN++
                  | MR- rCorr SInv}
 50892 | Vaults:5 | Reached skill level 19 in Fighting
 51219 | Vaults:5 | Identified the +1 triple crossbow of Instant Death {venom,
                  | MR+ Dex+4}
 51240 | Vaults:5 | Reached skill level 19 in Shields
 51265 | Vaults:5 | Noticed a golden dragon
 51276 | Vaults:5 | Noticed an ancient lich
 51323 | Vaults:5 | Noticed a golden dragon
 51348 | Vaults:5 | Killed a golden dragon
 51357 | Vaults:5 | Identified the +5 hunting sling of Disorder {freeze, rPois
                  | Int-4 Dex+4 SInv}
 51502 | Vaults:5 | Noticed a golden dragon
 51542 | Vaults:5 | Killed a golden dragon
 51627 | Vaults:5 | Reached skill level 20 in Shields
 51627 | Vaults:5 | Reached XP level 25. HP: 164/188 MP: 37/37
 52241 | Vaults:5 | Learned a level 3 spell: Spectral Weapon
 52298 | Vaults:5 | Identified the +2 helmet of Ymibiho {rPois rF+ MR- SInv}
                  | (You found it on level 5 of the Vaults)
 52346 | Vaults:5 | Got a silver rune of Zot
 52514 | Vaults:5 | Banished an ancient lich
 53330 | Snake:2  | Bought a book of Burglary for 825 gold pieces
 53330 | Snake:2  | Bought a manual of Armour for 1214 gold pieces
 53330 | Snake:2  | Bought a book of Spatial Translocations for 715 gold pieces
 53333 | Snake:2  | Learned a level 2 spell: Blink
 53337 | Snake:2  | Learned a level 3 spell: Lesser Beckoning
 53342 | Snake:2  | Learned a level 4 spell: Passage of Golubria
 53612 | Depths:1 | Entered Level 1 of the Depths
 53628 | Depths:1 | Reached skill level 20 in Fighting
 53744 | Depths:1 | Reached skill level 21 in Shields
 53812 | Depths:1 | Reached skill level 13 in Armour
 53822 | Depths:1 | Reached skill level 9 in Translocations
 54126 | Depths:1 | Found a gateway to Hell.
 54199 | Depths:1 | Found a gateway to a ziggurat.
 54221 | Zig:1    | Entered Level 1 of a ziggurat
 54242 | Zig:2    | Entered Level 2 of a ziggurat
 54266 | Zig:2    | Identified the cursed +0 helmet "Tior" {-Tele Int+4 Stlth+}
                  | (You found it on level 2 of a ziggurat)
 54275 | Zig:3    | Entered Level 3 of a ziggurat
 54386 | Zig:4    | Entered Level 4 of a ziggurat
 54417 | Zig:4    | Reached skill level 14 in Armour
 54425 | Zig:4    | Reached skill level 15 in Armour
 54425 | Zig:4    | Reached XP level 26. HP: 192/196 MP: 37/37
 54437 | Zig:4    | Learned a level 8 spell: Borgnjor's Revivification
 54449 | Zig:5    | Entered Level 5 of a ziggurat
 54469 | Zig:5    | Reached skill level 1 in Necromancy
 54470 | Zig:5    | Reached skill level 10 in Translocations
 54500 | Zig:6    | Entered Level 6 of a ziggurat
 54503 | Zig:6    | Gained mutation: Your spells are a little easier to cast,
                  | but a little less powerful. [a shining eye]
 54513 | Zig:6    | Reached skill level 16 in Armour
 54513 | Zig:6    | Reached skill level 2 in Necromancy
 54543 | Zig:7    | Entered Level 7 of a ziggurat
 54571 | Zig:7    | Reached XP level 27. HP: 154/201 MP: 37/37
 54576 | Zig:7    | Reached skill level 3 in Necromancy
 54594 | Zig:7    | Learned a level 2 spell: Sublimation of Blood
 54597 | Zig:7    | Identified the cursed ring "Tehoetaa" {rF+++ MR+ MP-9 Int-4
                  | Slay+6} (You found it on level 7 of a ziggurat)
 54605 | Zig:7    | Identified the ring of Bourph {*Slow rC+ MR+++ Str+2} (You
                  | found it on level 7 of a ziggurat)
 55254 | Depths:2 | Reached skill level 11 in Translocations
 55295 | Depths:2 | Reached skill level 4 in Necromancy
 55657 | Depths:2 | Reached skill level 5 in Necromancy
 55781 | Depths:2 | Reached skill level 17 in Armour
 55877 | Depths:2 | Found a one-way gate leading to the halls of Pandemonium.
 56255 | Depths:3 | Noticed Sojobo
 56286 | Depths:3 | Reached skill level 12 in Translocations
 56293 | Depths:3 | Banished Sojobo
 56306 | Depths:3 | Reached skill level 6 in Necromancy
 56516 | Depths:3 | Found a hide-covered altar of Uskayaw.
 56700 | Depths:3 | Reached skill level 18 in Armour
 56827 | Depths:3 | Reached skill level 7 in Necromancy
 56874 | Depths:3 | Found a shimmering blue altar of Sif Muna.
 57031 | Depths:3 | Noticed Margery
 57035 | Depths:3 | Banished Margery
 57152 | Depths:3 | Reached skill level 8 in Necromancy
 57157 | Depths:3 | Found a burning altar of Makhleb.
 57628 | Depths:3 | Reached skill level 19 in Armour
 57697 | Depths:3 | Reached skill level 9 in Necromancy
 57846 | Depths:3 | Found a white marble altar of Elyvilon.
 58323 | Orc:2    | Bought a book of Summonings for 910 gold pieces
 58324 | Orc:2    | Bought a scroll of identify for 26 gold pieces
 58324 | Orc:2    | Bought a scroll of identify for 26 gold pieces
 58324 | Orc:2    | Bought a scroll of identify for 26 gold pieces
 58330 | Orc:2    | Learned a level 5 spell: Aura of Abjuration
 58587 | Depths:4 | Reached skill level 1 in Summonings
 58623 | Depths:4 | Found a transporter.
 58637 | Depths:4 | Found a radiant altar of Vehumet.
 58702 | Depths:4 | Reached skill level 2 in Summonings
 58772 | Depths:4 | Found the +7 Singing Sword {vorpal, sonic wave}
 58775 | Depths:4 | Noticed an ancient lich
 58926 | Depths:4 | Reached skill level 10 in Necromancy
 58978 | Depths:4 | Reached skill level 3 in Summonings
 59037 | Depths:4 | Found a one-way gate to the infinite horrors of the Abyss.
 59167 | Depths:4 | Found a transporter.
 59205 | Depths:4 | Noticed Ighog's ghost (legendary FoAK)
 59233 | Depths:4 | Found a transporter.
 59331 | Depths:4 | Gained mutation: Potions are less effective at restoring
                  | your health. [a shining eye]
 59352 | Depths:4 | Lost mutation: Your spells are a little easier to cast, but
                  | a little less powerful. [potion of mutation]
 59352 | Depths:4 | Lost mutation: You are resistant to hostile enchantments.
                  | (MR+) [potion of mutation]
 59352 | Depths:4 | Lost mutation: You have large cloven feet. [potion of
                  | mutation]
 59352 | Depths:4 | Gained mutation: You have a pair of small horns on your
                  | head. [potion of mutation]
 59353 | Depths:4 | Lost mutation: You have a pair of small horns on your head.
                  | [potion of mutation]
 59353 | Depths:4 | Lost mutation: Potions are less effective at restoring your
                  | health. [potion of mutation]
 59353 | Depths:4 | Gained mutation: You occasionally shout uncontrollably at
                  | your foes. [potion of mutation]
 59462 | Depths:5 | Entered Level 5 of the Depths
 59483 | Depths:5 | Reached skill level 4 in Summonings
 59649 | Depths:5 | Reached skill level 5 in Summonings
 59690 | Depths:5 | Reached skill level 11 in Necromancy
 59730 | Depths:5 | Reached skill level 6 in Summonings
 60018 | Depths:5 | Found a runed translucent door.
 60020 | Depths:5 | Identified the cursed +1 leather armour "Lief" {rPois rC+
                  | Int-2 Dex+5}
 60023 | Depths:5 | Identified the +5 quarterstaff of Action {antimagic, Int+8}
 60092 | Depths:5 | Found a gate to the Realm of Zot.
 60225 | Depths:5 | Reached skill level 7 in Summonings
 60872 | Depths:5 | Lost mutation: You occasionally shout uncontrollably at
                  | your foes. [potion of mutation]
 60872 | Depths:5 | Gained mutation: Your muscles are strong. (Str +2) [potion
                  | of mutation]
 60872 | Depths:5 | Gained mutation: You passively map a small area around you.
                  | [potion of mutation]
 60937 | Pan      | Entered Pandemonium
 60937 | Pan      | Noticed Zacom the pandemonium lord
 60941 | Pan      | Banished Zacom the pandemonium lord
 60949 | Pan      | Reached skill level 12 in Necromancy
 61137 | Pan      | Reached skill level 8 in Summonings
 61476 | Pan      | Identified the cursed +0 buckler of Huaseps {Int+2}
 61906 | Pan      | Identified the ring of the Skies Above {+Fly MR- Int+2
                  | Stlth-} (You found it in Pandemonium)
 61970 | Pan      | Corrupted Pan
 61976 | Pan      | Noticed a seraph
 61979 | Pan      | Got a vibrating bone amulet
 61979 | Pan      | Got a demonic rune of Zot
 62032 | Pan      | Identified the amulet of Suarriff {Acrobat rElec MR- MP+9
                  | Stlth+} (You found it in Pandemonium)
 62109 | Pan      | Noticed Sameys the pandemonium lord
 62117 | Pan      | Reached skill level 9 in Summonings
 62420 | Pan      | Reached skill level 13 in Necromancy
 62931 | Pan      | Noticed Wafooppa the pandemonium lord
 62939 | Depths:3 | Escaped Pandemonium
 62968 | Depths:3 | Banished Wafooppa the pandemonium lord
 63088 | Zot:1    | Entered Level 1 of the Realm of Zot
 63171 | Zot:1    | Reached skill level 14 in Necromancy
 63198 | Zot:1    | Noticed an orb of fire
 63216 | Zot:1    | Noticed an orb of fire
 63249 | Zot:1    | Banished an orb of fire
 63250 | Zot:1    | Killed an orb of fire
 63310 | Zot:1    | Reached skill level 15 in Necromancy
 63586 | Zot:1    | You fall into a shaft and drop 1 floor!
 64122 | Zot:2    | Found a runed translucent gate.
 64123 | Zot:2    | Found a runed translucent gate.
 64123 | Zot:2    | Found a runed translucent gate.
 64124 | Zot:2    | Noticed Bouryr's ghost (master MiFi)
 64124 | Zot:2    | Noticed Qeybu's ghost (legendary OgSu)
 64127 | Zot:2    | Found the +3 pair of gauntlets of War {Slay+5}
 64557 | Zot:2    | Banished Qeybu's ghost
 64557 | Zot:2    | Reached skill level 16 in Necromancy
 65562 | Zot:3    | Banished Bouryr's ghost
 65562 | Zot:3    | Reached skill level 17 in Necromancy
 66056 | Zot:3    | You fall into a shaft and drop 1 floor!
 66056 | Zot:4    | Found a runed translucent gate.
 66555 | Zot:4    | Reached skill level 18 in Necromancy
 66729 | Zot:4    | Found a runed translucent gate.
 66729 | Zot:4    | Found a runed translucent gate.
 66729 | Zot:4    | Found an ancient bone altar of Kikubaaqudgha.
 66729 | Zot:4    | Noticed Lafuixat's ghost (legendary MfGl)
 66729 | Zot:4    | Noticed an ancient lich
 66729 | Zot:4    | Noticed an ancient lich
 66729 | Zot:4    | Noticed an ancient lich
 66729 | Zot:4    | Noticed an ancient lich
 66866 | Zot:4    | Killed an ancient lich
 66885 | Zot:4    | Killed an ancient lich
 66886 | Zot:4    | Banished an ancient lich
 66896 | Zot:4    | Banished Lafuixat's ghost
 66908 | Zot:4    | Banished an ancient lich
 66975 | Zot:4    | Identified the amulet of Xuzoev Dorru {Inacc MR+} (You
                  | found it on level 4 of the Realm of Zot)
 66980 | Zot:4    | Identified the cursed +0 pair of gloves of Qazlal's Pride
                  | {rElec rPois Int-3} (You found it on level 4 of the Realm
                  | of Zot)
 66983 | Zot:4    | Identified Kikubaaqudgha's Catalogue of Darkness
 67054 | Zot:5    | Entered Level 5 of the Realm of Zot
 67106 | Zot:5    | Noticed an orb of fire
 67109 | Zot:5    | Noticed an orb of fire
 67109 | Zot:5    | Gained mutation: Your body sometimes deteriorates upon
                  | taking damage. [an orb of fire]
 67122 | Zot:5    | Gained mutation: You tend to lose your temper in combat.
                  | [an orb of fire]
 67148 | Zot:5    | Killed an orb of fire
 67148 | Zot:5    | Reached skill level 19 in Necromancy
 67170 | Zot:5    | Banished an orb of fire
 67290 | Zot:5    | Lost mutation: Your body sometimes deteriorates upon taking
                  | damage. [potion of mutation]
 67290 | Zot:5    | Lost mutation: You passively map a small area around you.
                  | [potion of mutation]
 67290 | Zot:5    | Lost mutation: You tend to lose your temper in combat.
                  | [potion of mutation]
 67788 | Zot:5    | Noticed an ancient lich
 67822 | Zot:5    | Banished an ancient lich
 67822 | Zot:5    | Reached skill level 1 in Spellcasting
 67850 | Zot:5    | Gained mutation: Scrolls take you a little longer to read.
                  | [mutagenic glow]
 68118 | Zot:5    | Reached skill level 2 in Spellcasting
 68123 | Zot:5    | Reached skill level 20 in Necromancy
 68147 | Zot:5    | Noticed an orb of fire
 68252 | Zot:5    | Banished an orb of fire
 68252 | Zot:5    | Reached skill level 3 in Spellcasting
 68402 | Zot:5    | Noticed a Killer Klown
 68423 | Zot:5    | Banished a Killer Klown
 68491 | Zot:5    | Noticed a Killer Klown
 68496 | Zot:5    | Noticed an ancient lich
 68497 | Zot:5    | Noticed a Killer Klown
 68500 | Zot:5    | Noticed an orb of fire
 68516 | Zot:5    | Banished an ancient lich
 68516 | Zot:5    | Reached skill level 4 in Spellcasting
 68528 | Zot:5    | Banished a Killer Klown
 68530 | Zot:5    | Noticed a Killer Klown
 68538 | Zot:5    | Banished an orb of fire
 68808 | Zot:5    | Banished a Killer Klown
 68866 | Zot:5    | Noticed an orb of fire
 68868 | Zot:5    | Reached skill level 5 in Spellcasting
 68874 | Zot:5    | Noticed an ancient lich
 68875 | Zot:5    | Gained mutation: You are occasionally teleported next to
                  | monsters. [an orb of fire]
 68878 | Zot:5    | Noticed an orb of fire
 68878 | Zot:5    | Noticed an orb of fire
 68878 | Zot:5    | Noticed an orb of fire
 68878 | Zot:5    | Noticed an orb of fire
 68878 | Zot:5    | Noticed a Killer Klown
 68878 | Zot:5    | Noticed an ancient lich
 68879 | Zot:5    | Noticed an orb of fire
 68892 | Zot:5    | Noticed an ancient lich
 68893 | Zot:5    | Corrupted Zot:5
 68906 | Zot:5    | Banished an ancient lich
 68947 | Zot:5    | Got the Orb of Zot
 68962 | Zot:5    | Banished an ancient lich
 68969 | Zot:5    | Reached skill level 6 in Spellcasting
 69026 | Zot:5    | Gained mutation: Your natural rate of healing is unusually
                  | fast. [an orb of fire]
 69027 | Zot:5    | Killed an orb of fire
 69030 | Zot:5    | Lost mutation: Scrolls take you a little longer to read.
                  | [potion of mutation]
 69030 | Zot:5    | Lost mutation: Your muscles are strong. (Str +2) [potion of
                  | mutation]
 69030 | Zot:5    | Gained mutation: Your movements are slightly less
                  | encumbered by armour. (ER -2) [potion of mutation]
 69031 | Zot:5    | Lost mutation: You are occasionally teleported next to
                  | monsters. [potion of mutation]
 69031 | Zot:5    | Lost mutation: Your natural rate of healing is unusually
                  | fast. [potion of mutation]
 69421 | D:8      | Noticed Pilu the pandemonium lord
 69430 | D:8      | Banished Pilu the pandemonium lord
 69557 | D:$      | Escaped with the Orb!

Illustrated notes

Levels and vault maps discovered:
D:1:      mrwooster_arrival_statue, layout_loops_corners
D:2:      layout_rooms, fedhas_altar_4, grunt_gozag_statues,
          minmay_small_reverse_x
D:3:      layout_rooms, grunt_temple_overflow_magic_moments, chequers_jeans
D:4:      layout_loops_ring, grunt_dithmenos_smoke
D:5:      layout_cave_pools, minmay_temple_entry_grid, first_ration,
          basic_altar, roderic_roman_lattice, uniq_ijyb
D:6:      layout_cave_pods, kennysheep_little_box, basic_altar,
          nrook_loot_triangle, nicolae_wand_duel
D:7:      layout_rooms, slow_altar_1, serial_shops, nicolae_shop_behind_doors
D:8:      layout_basic, the_bakery, patterned_corridor, uniq_maurice
D:9:      layout_roguey, yredelemnul_altar_generic, dpeg_lair_monsters,
          orc_0_dummy
D:10:     layout_basic
D:11:     layout_grid_maze, uniq_sonja
D:12:     layout_cave_pods
D:13:     layout_long_grid, skrybe_vaults_entry_preservation, serial_shops,
          nicolae_shop_crystal, nicolae_wwwww, drop_trap, uniq_nessos
D:14:     layout_basic, basic_altar, chequers_serial_rivers_small_3, uniq_agnes
D:15:     gammafunk_enter_depths_forms, layout_long_grid, serial_shops, shop,
          chequers_serial_rivers_marsh
Lair:1:   layout_cave_pods, grunt_megastairs_4, infiniplex_staircase_pool_2
Lair:2:   layout_small_grid, portal_ice_cave_rime, serial_bayou_pond_c,
          lemuel_fruit_tree
Lair:3:   layout_loops_ring, gammafunk_ghost_arena, serial_bayou_shore_a
Lair:4:   layout_loops_ring, nicolae_swamp_entry_splash_gauntlet,
          minmay_snake_entry_guardpost_small
Lair:5:   layout_regular_city, slime_altar_1, grunt_megastairs_2
Lair:6:   hangedman_lair_tendril_chambers, layout_regular_city
Swamp:1:  layout_falls_marsh, evilmike_swamp_ruin_rubble_1, swamp_pool4
Swamp:2:  layout_basic_swamp, evilmike_swamp_ruin_house_1, uniq_kirke
Swamp:3:  layout_basic_swamp, evilmike_swamp_ruin_rubble_2
Swamp:4:  swamp_alternative, layout_basic_swamp, infiniplex_staircase_pool
Snake:1:  layout_misc_corridors, statue_in_the_mist_lemuel, st_stairs_3
Snake:2:  layout_chambers, serial_shops, shop_statue, uniq_aizul
Snake:3:  layout_rooms, uniq_jorgrun, uniq_vashnia
Snake:4:  snake_pit_salamanders_mu, layout_cave_town, drop_trap
Slime:1:  layout_caves
Slime:2:  layout_caves
Slime:3:  layout_caves
Slime:4:  layout_caves
Slime:5
Orc:1:    layout_caves, rock_pile
Orc:2:    st_orc_mages, layout_caves, enter_volcano_2
Elf:1:    layout_gridlike, minmay_elf_sorcery, uniq_louise
Elf:2:    layout_geoelf_octagon
Elf:3:    minmay_elf_hall_furrowed, layout_gridlike, mu_enter_wizlab_6,
          hangedman_decor_cross_pass
Vaults:1: nicolae_vaults_shelves_hall, ontoclasm_vaults_gateway,
          ontoclasm_vaults_ring_small, v_misc_8, v_misc_3,
          ontoclasm_vaults_twist, hangedman_vaults_river_flow, v_rooms_2,
          ontoclasm_vaults_eye, nicolae_vaults_little_ls, sword_in_stone,
          ontoclasm_vaults_bender, nicolae_vaults_little_squares_5, v_misc_10,
          nicolae_vaults_little_squares_2, vaults_dpeg_hooks,
          ontoclasm_vaults_shuriken, vaults_room_fours,
          nicolae_vaults_shelves_hall, nicolae_vaults_ring_of_whatevers,
          layout_vaults_omnibox
Vaults:2: vaults_standard_mumra_x, vaults_mumra_chevron, v_rooms_4, v_rooms_5,
          v_misc_3, vaults_dpeg_encased_lava, nicolae_vaults_rhombus_7,
          vaults_room_door_hall, hangedman_vaults_cutoff,
          vaults_room_stairs_pillars, layout_vaults_big_cross
Vaults:3: vaults_room_pools, minmay_crypt_entry_simple_sparse, v_pattern_1,
          v_misc_28, nicolae_vaults_asterisk, v_rooms_6,
          nicolae_vaults_triangles, vaults_dpeg_ring, vaults_room_door_ring,
          ontoclasm_vaults_fault, layout_vaults_omnigrid
Vaults:4: nicolae_vaults_specimen_jars, vaults_room_door_ring,
          nicolae_vaults_little_squares_4, v_misc_12, v_misc_28, v_misc_18,
          grunt_vaults_focal, st_check, nicolae_vaults_circle_grid_a,
          vaults_mumra_minichess, nicolae_vaults_network_periphery,
          nicolae_vaults_little_squares_1, serial_ice_m,
          nicolae_vaults_little_squares_6, layout_vaults_ring, serial_shops,
          nicolae_shop_window_shopping, nicolae_shop_trees
Vaults:5
Depths:1: layout_cave_pools, enter_ziggurat_b, nrook_mini_vaults, hell_entry,
          minmay_librarian
Depths:2: nooodl_glass_maze, layout_gridville, solitary_fountain, pan_entry,
          hell_entry, kennysheep_donut, minmay_misc_feat_cross
Depths:3: grunt_profane_halls [grunt_profane_temple_coc,
          grunt_profane_temple_tar, grunt_profane_temple_geh,
          grunt_profane_temple_dis, grunt_profane_loot], pan_entry, hell_entry,
          uniq_asterion, uniq_margery, uniq_sojobo
Depths:4: gammafunk_sealed_library, layout_twisted_cross,
          pf_hell_entry_tar_river, abyss_entry_crystal,
          gammafunk_ghost_berserking_beasts, minmay_misc_feat_room,
          horrible_house_mu, minmay_staircase_statues_hall_small
Depths:5: grunt_crosshair, layout_gridlike, grunt_hell_entry_dis_mu,
          minmay_misc_feat_square, minmay_st_funbox,
          minmay_misc_feat_more_columns
Zot:1:    layout_onion_interference, grunt_ministairs_2
Zot:2:    layout_basic, gammafunk_ghost_cemetery
Zot:3:    layout_onion_interference
Zot:4:    minmay_elemental_castle, layout_onion_interference,
          gammafunk_ghost_crypt
Zot:5:    layout_gridlike, lemuel_lake_of_fire

Skill      XL: |  1  2  3  4  5  6  7  8  9 10 11 12 13 14 15 16 17 18 19 20 21 22 23 24 25 26 27 |
---------------+----------------------------------------------------------------------------------+-----
Axes           | 3 4 6 9 12 14 | 14.0
Fighting       | 3 4 5 6 7 8 9 10 12 13 14 15 16 17 18 19 20 | 20.0
Invocations    | 3 4 5 7 9 10 11 12 14 16 17 18 19 20 | 20.1
Shields        | 2 5 9 10 12 14 16 17 20 21 | 21.0
Evocations     | 3 5 8 10 | 10.0
Translocations | 2 5 8 9 10 12 | 12.0
Dodging        | 3 5 8 11 12 | 12.0
Armour         | 3 5 8 10 12 15 16 19 | 19.0
Necromancy     | 2 20 | 20.7
Summonings     | 9 |  9.4
Spellcasting   | 6 |  6.6

Action                   |  1- 3 |  4- 6 |  7- 9 | 10-12 | 13-15 | 16-18 | 19-21 | 22-24 | 25-27 || total
-------------------------+-------+-------+-------+-------+-------+-------+-------+-------+-------++-------
Melee: Hand axe          |    99 |    78 |       |   643 |  1902 |  1194 |  1160 |  1269 |  3011 ||  9356
       Dagger            |       |   160 |   327 |   304 |       |       |       |       |       ||   791
Throw: Dart              |       |     6 |     5 |     3 |    19 |    12 |       |     6 |     2 ||    53
       Boomerang         |       |       |     6 |       |       |       |       |       |     2 ||     8
 Cast: Apportation       |       |       |       |       |       |     8 |       |     2 |    14 ||    24
       Lesser Beckoning  |       |       |       |       |       |       |       |       |    22 ||    22
       Borgnjor's Revivi |       |       |       |       |       |       |       |       |     5 ||     5
       Passage of Golubr |       |       |       |       |       |       |       |       |     5 ||     5
       Blink             |       |       |       |       |       |       |       |       |     4 ||     4
       Aura of Abjuratio |       |       |       |       |       |       |       |       |     1 ||     1
Invok: Depart the Abyss  |     1 |       |       |       |       |       |       |       |       ||     1
       Banish            |       |     1 |     2 |    22 |     9 |    21 |    11 |    16 |    23 ||   105
       Bend Space        |       |       |       |       |     1 |     2 |     3 |       |       ||     6
       Brand Weapon With |       |       |       |       |     1 |       |       |       |       ||     1
       Corrupt           |       |       |       |       |       |     1 |     1 |       |     2 ||     4
Evoke: Wand              |       |       |       |    14 |    41 |    13 |     5 |     1 |    15 ||    89
       Lightning rod     |       |       |       |       |     9 |     2 |     1 |       |       ||    12
       Tin of tremorston |       |       |       |       |       |     2 |     9 |     2 |     3 ||    16
       Phial of floods   |       |       |       |       |       |     1 |     2 |       |     1 ||     4
       Box of beasts     |       |       |       |       |       |     1 |       |       |     1 ||     2
       Phantom mirror    |       |       |       |       |       |       |     1 |       |       ||     1
  Use: Potion            |     2 |     4 |       |     1 |     2 |    10 |     3 |     3 |    42 ||    67
       Scroll            |       |    12 |    10 |    11 |    10 |     7 |    19 |    13 |    34 ||   116
 Stab: Sleeping          |       |       |       |     2 |       |       |       |       |       ||     2
       Confused          |       |       |       |       |     2 |       |       |       |       ||     2
       Invisible         |       |       |       |       |       |     5 |       |       |       ||     5
       Distracted        |       |       |       |       |       |       |     1 |     2 |     2 ||     5
       Petrified         |       |       |       |       |       |       |       |     2 |       ||     2
       Petrifying        |       |       |       |       |       |       |       |     1 |       ||     1
       Paralysed         |       |       |       |       |       |       |       |       |     1 ||     1
  Eat: Ration            |     1 |     3 |     4 |     9 |    12 |    12 |    10 |     6 |    21 ||    78
Armor: Leather armour    |    42 |    60 |       |   215 |    22 |       |       |       |       ||   339
       Chain mail        |       |    39 |   245 |   106 |   544 |   447 |   278 |   256 |    61 ||  1976
       Ice dragon scales |       |       |       |       |       |       |       |       |   698 ||   698
Dodge: Dodged            |    89 |   168 |   140 |   458 |   714 |   487 |   344 |   349 |  1062 ||  3811
Block: Buckler           |       |    21 |    58 |   253 |   380 |   194 |       |       |       ||   906
       Kite shield       |       |       |       |       |       |   166 |   506 |   726 |  2490 ||  3888

Table legend:
 A = Non-vault XP
 B = Vault XP
 C = Vault XP percentage of total XP
 D = Non-vault monster count
 E = Vault monster count
 F = Vault count percentage of total count
                 A         B        C        D         E       F
            +---------+---------+-------+---------+---------+-------
      Total |  909406 |  804020 |  46.9 |    1534 |     770 |  33.4
            +---------+---------+-------+---------+---------+-------
        D:1 |      62 |       0 |   0.0 |      33 |       0 |   0.0
        D:2 |      44 |      18 |  29.0 |      17 |       4 |  19.0
        D:3 |      58 |       0 |   0.0 |      28 |       0 |   0.0
        D:4 |     241 |       0 |   0.0 |      14 |       0 |   0.0
        D:5 |     579 |      36 |   5.9 |      17 |       1 |   5.6
        D:6 |     298 |       0 |   0.0 |      10 |       0 |   0.0
        D:7 |     469 |       6 |   1.3 |      25 |       1 |   3.8
        D:8 |     229 |     700 |  75.3 |       6 |       2 |  25.0
        D:9 |    3815 |    2816 |  42.5 |      29 |       5 |  14.7
       D:10 |    2099 |       0 |   0.0 |      26 |       0 |   0.0
       D:11 |    4569 |     772 |  14.5 |      29 |       1 |   3.3
       D:12 |    3470 |       0 |   0.0 |      13 |       0 |   0.0
       D:13 |    5627 |    2778 |  33.1 |      18 |      10 |  35.7
       D:14 |   15801 |    2177 |  12.1 |      53 |       1 |   1.9
       D:15 |    6440 |    3819 |  37.2 |      20 |      10 |  33.3
     Lair:1 |    4368 |     140 |   3.1 |      17 |       1 |   5.6
     Lair:2 |    5850 |     770 |  11.6 |      22 |       2 |   8.3
     Lair:3 |    6169 |       0 |   0.0 |      25 |       0 |   0.0
     Lair:4 |    1455 |    1121 |  43.5 |       6 |       7 |  53.8
     Lair:5 |    3050 |    1363 |  30.9 |      11 |       5 |  31.2
     Lair:6 |    9326 |    9149 |  49.5 |      45 |      34 |  43.0
    Swamp:1 |    4631 |       0 |   0.0 |      11 |       0 |   0.0
    Swamp:2 |   13353 |    2712 |  16.9 |      27 |       5 |  15.6
    Swamp:3 |    7634 |       0 |   0.0 |      22 |       0 |   0.0
    Swamp:4 |    5440 |      14 |   0.3 |      11 |       1 |   8.3
    Snake:1 |   14601 |    1915 |  11.6 |      27 |       3 |  10.0
    Snake:2 |   16305 |    1698 |   9.4 |      32 |       1 |   3.0
    Snake:3 |   17567 |   10429 |  37.3 |      26 |       5 |  16.1
    Snake:4 |   33824 |    5635 |  14.3 |      59 |       9 |  13.2
    Slime:1 |    5158 |       0 |   0.0 |      10 |       0 |   0.0
    Slime:2 |    1589 |       0 |   0.0 |       4 |       0 |   0.0
    Slime:3 |    2894 |       0 |   0.0 |       6 |       0 |   0.0
    Slime:4 |    7242 |    2842 |  28.2 |      19 |       2 |   9.5
    Slime:5 |    6892 |   16955 |  71.1 |       5 |       9 |  64.3
      Orc:1 |    2688 |      12 |   0.4 |      40 |       4 |   9.1
      Orc:2 |     286 |    5665 |  95.2 |       1 |      45 |  97.8
      Elf:1 |   15687 |    9210 |  37.0 |      25 |      13 |  34.2
      Elf:2 |    9016 |    1826 |  16.8 |      15 |       2 |  11.8
      Elf:3 |   15278 |    6045 |  28.3 |      25 |       5 |  16.7
   Vaults:1 |   18744 |   23510 |  55.6 |      29 |      30 |  50.8
   Vaults:2 |   31849 |   30721 |  49.1 |      52 |      51 |  49.5
   Vaults:3 |   31383 |   23821 |  43.2 |      53 |      40 |  43.0
   Vaults:4 |   43488 |   36240 |  45.5 |      65 |      49 |  43.0
   Vaults:5 |   45668 |  160979 |  77.9 |      74 |     108 |  59.3
   Depths:1 |   46584 |    1525 |   3.2 |      53 |       1 |   1.9
   Depths:2 |   41166 |    6744 |  14.1 |      62 |       6 |   8.8
   Depths:3 |    2746 |  114403 |  97.7 |       6 |     127 |  95.5
   Depths:4 |   30084 |    7161 |  19.2 |      36 |      12 |  25.0
   Depths:5 |   46680 |   31349 |  40.2 |      48 |      17 |  26.2
      Zot:1 |   71184 |    2987 |   4.0 |      31 |       2 |   6.1
      Zot:2 |   22920 |    9890 |  30.1 |       9 |       1 |  10.0
      Zot:3 |   50800 |    7656 |  13.1 |      32 |       1 |   3.0
      Zot:4 |   41190 |   39549 |  49.0 |      28 |       5 |  15.2
      Zot:5 |   42580 |  116727 |  73.3 |      24 |      27 |  52.9
        Pan |   50751 |   32094 |  38.7 |      49 |      29 |  37.2
      Zig:1 |     785 |       0 |   0.0 |       2 |       0 |   0.0
      Zig:2 |    2220 |       0 |   0.0 |       3 |       0 |   0.0
      Zig:3 |    1633 |       0 |   0.0 |       5 |       0 |   0.0
      Zig:4 |    3484 |       0 |   0.0 |       9 |       0 |   0.0
      Zig:5 |    9704 |       0 |   0.0 |       6 |       0 |   0.0
      Zig:6 |    8959 |       0 |   0.0 |       7 |       0 |   0.0
      Zig:7 |    8995 |       0 |   0.0 |      11 |       0 |   0.0
      IceCv |       0 |    1354 | 100.0 |       0 |       7 | 100.0
    Volcano |       0 |    3933 | 100.0 |       0 |      14 | 100.0
     WizLab |    1705 |   62754 |  97.4 |      11 |      55 |  83.3
            +---------+---------+-------+---------+---------+-------
